 Dungeon Crawl Stone Soup version 0.25.1-2-g60ff931df9 (webtiles) character file.

Game seed: 1425932596332196701

108651 gruber the Brawler (level 16, -9/234 HPs)
             Began as a Troll Monk on Oct 17, 2020.
             Was the Champion of Okawaru.
             Mangled by a wolf spider (11 damage)
             ... on level 2 of the Spider Nest.
             The game lasted 00:42:13 (25370 turns).

gruber the Brawler (Troll Monk)                    Turns: 25370, Time: 00:42:14

Health: -9/234     AC: 13    Str: 23 (24) XL:     16   Next: 3%
Magic:  19/19      EV: 16    Int: 10      God:    Okawaru [******]
Gold:   704        SH:  0    Dex: 17      Spells: 14/15 levels left

rFire    + + +     SeeInvis .     - Unarmed
rCold    . . .     Gourm    +   d - +2 tower shield {rF+}
rNeg     . . .     Faith    .   G - +2 robe of Vines {NoPotionHeal Regen+7}
rPois    +         Spirit   .   k - +1 hat
rElec    .         Reflect  +   O - scarf {rC+ rF+}
rCorr    .         Harm     .   (gloves unavailable)
MR       +....                  (boots unavailable)
Stlth    ..........             o - amulet of reflection
HPRegen  3.69/turn              a - ring "Vuehaudu" {rPois rF+ rC- Dex+5 Stlth-}
MPRegen  0.16/turn              B - +4 ring of protection

@: confused, berserking (expiring), lethally poisoned (-9 -> -9), studying
Dodging, very quick
A: large, unfitting armour, claws 3, fast metabolism 3, gourmand, regeneration
1, shaggy fur 1, tough skin 3
a: Heroism, Finesse, Renounce Religion


You were on level 2 of the Spider Nest.
You worshipped Okawaru.
Okawaru was exalted by your worship.
You were not hungry.

You visited 5 branches of the dungeon, and saw 27 of its levels.
You also visited: Gauntlet.

You collected 2536 gold pieces.
You spent 1832 gold pieces at shops.

Inventory:

Hand Weapons
 w - a +1 hand axe of flaming
Missiles
 A - 3 throwing nets
 P - 21 large rocks
 U - 5 javelins (quivered)
 Z - 9 silver javelins
Armour
 d - a +2 tower shield of fire resistance (worn)
 k - a +1 hat (worn)
 G - the +2 robe of Vines (worn) {NoPotionHeal Regen+7}
   (You found it on level 4 of the Lair of Beasts)

   It increases your rate of regeneration.
 O - a scarf of resistance (worn)
 S - the +0 robe "Jocoagum" {rPois rF+ rCorr Stlth+}
   (Okawaru gifted it to you on level 1 of the Lair of Beasts)

   It protects you from fire.
   It protects you from poison.
   It provides partial protection from all sources of acid and corrosion.
   It makes you more stealthy.
Jewellery
 a - the ring "Vuehaudu" (left claw) {rPois rF+ rC- Dex+5 Stlth-}
   (You found it in a Gauntlet)

   [ring of attention]

   It affects your dexterity (+5).
   It protects you from fire.
   It makes you vulnerable to cold.
   It protects you from poison.
   It makes you less stealthy.
 i - an uncursed ring of protection from magic
 o - an amulet of reflection (around neck)
 x - an uncursed ring of protection from magic
 B - a +4 ring of protection (right claw)
Wands
 e - a wand of disintegration (7)
 p - a wand of flame (25)
 u - a wand of iceblast (14)
 F - a wand of digging (5)
 H - a wand of paralysis (15)
 J - a wand of clouds (3)
Scrolls
 f - 3 scrolls of enchant weapon {unknown}
 g - 4 scrolls of random uselessness {unknown}
 h - 8 scrolls of remove curse
 l - 8 scrolls of teleportation
 m - 4 scrolls of amnesia {unknown}
 q - 2 scrolls of noise {unknown}
 t - a scroll of brand weapon {unknown}
 v - 5 scrolls of enchant armour {unknown}
 y - 3 scrolls of fear {unknown}
 C - 3 scrolls of fog {unknown}
 I - 7 scrolls of immolation {unknown}
 K - a scroll of holy word {unknown}
 Q - a scroll of identify
 R - 3 scrolls of blinking {unknown}
 T - 2 scrolls of magic mapping {unknown}
 X - 2 scrolls of summoning
Potions
 c - 2 potions of berserk rage
 j - 3 potions of flight
 n - a potion of stabbing
 r - 8 potions of haste
 s - 6 potions of heal wounds
 z - 2 potions of ambrosia
 D - 2 potions of curing
 E - a potion of lignification
 L - a potion of invisibility
 M - 3 potions of brilliance
 N - 3 potions of resistance
 V - 4 potions of might
 Y - a potion of cancellation
Books
 W - a manual of Dodging
Comestibles
 b - 49 rations


   Skills:
 - Level 9.3 Fighting
 - Level 4.2 Axes
 - Level 13.2 Throwing
 * Level 11.2 Dodging
 - Level 1.0 Stealth
 - Level 10.3 Shields
 - Level 16.3 Unarmed Combat
 - Level 6.3 Invocations


You had 14 spell levels left.
You knew the following spells:

 Your Spells              Type           Power        Failure   Level  Hunger
a - Beastly Appendage     Tmut           #.....       71%         1    ##.....

Your spell library contained the following spells:

 Spells                   Type           Power        Failure   Level  Hunger
 Animate Skeleton         Necr           N/A          71%         1    ##.....
 Apportation              Tloc           #.....       71%         1    ##.....
 Corona                   Hex            #......      71%         1    ##.....
 Foxfire                  Conj/Fire      #...         71%         1    ##.....
 Magic Dart               Conj           #...         71%         1    ##.....
 Sting                    Tmut/Pois      #...         71%         1    ##.....
 Summon Small Mammal      Summ           #...         71%         1    ##.....
 Corpse Rot               Necr/Air       N/A          83%         2    ###....
 Poisonous Vapours        Pois/Air       #.....       83%         2    ###....
 Searing Ray              Conj           #.....       83%         2    ###....
 Sticks to Snakes         Tmut           #.......     83%         2    ###....
 Confusing Touch          Hex            #.......     97%         3    ####...
 Conjure Flame            Conj/Fire      #.......     97%         3    ####...
 Dazzling Flash           Conj/Hex       #.....       97%         3    ####...
 Gell's Gravitas          Tloc           #.........   97%         3    ####...
 Ignite Poison            Fire/Tmut/Pois #.......     97%         3    ####...
 Inner Flame              Hex/Fire       #.......     97%         3    ####...
 Mephitic Cloud           Conj/Pois/Air  #.......     97%         3    ####...
 Spider Form              Tmut/Pois      #.........   97%         3    ####...
 Stone Arrow              Conj/Erth      #.....       97%         3    ####...
 Fulminant Prism          Conj/Hex       #.........   100%        4    #####..
 Ice Form                 Ice/Tmut       #.......     100%        4    #####..
 Iskenderun's Mystic Bla  Conj/Tloc      #.......     100%        4    #####..
 Olgreb's Toxic Radiance  Pois           #.......     100%        4    #####..
 Petrify                  Tmut/Erth      #.......     100%        4    #####..
 Sticky Flame             Conj/Fire      #.......     100%        4    #####..
 Blade Hands              Tmut           #.........   100%        5    ######.
 Fireball                 Conj/Fire      #.........   100%        5    ######.
 Metabolic Englaciation   Hex/Ice        #.........   100%        5    ######.
 Summon Forest            Summ/Tloc      #.........   100%        5    ######.
 Yara's Violent Unravell  Hex/Tmut       #.........   100%        5    ######.
 Eringya's Noxious Bog    Tmut/Pois      #.........   100%        6    #######
 Hydra Form               Tmut           #.........   100%        6    #######
 Summon Hydra             Summ           #.........   100%        7    #######


Dungeon Overview and Level Annotations

Branches:
Dungeon (15/15)            Temple (1/1) D:5            Lair (6/6) D:10
 Shoals (0/4) Lair:2       Spider (3/4) Lair:4        Slime (0/5) Lair:5
    Orc (2/2) D:12            Elf (0/3) Orc:2        Vaults (0/5) D:14
 Depths (0/5) D:15        Gauntlet (visited)

Altars:
Ashenzari
Cheibriados
Dithmenos
Elyvilon
Fedhas
Gozag
Hepliaklqana
Kikubaaqudgha
Makhleb
Nemelex Xobeh
Okawaru
Qazlal
Ru
Sif Muna
Trog
Uskayaw
Vehumet
Wu Jian
Xom
Yredelemnul
Zin
The Shining One
Beogh
Jiyva

Shops:
Orc:1 *   Orc:2 :%:?

Portals:
Trove: D:12 (show slimy rune of Zot)

Annotations:
D:6 1 runed translucent door, EtherCrawl's ghost, novice DEBe
D:12 exclusion: ice statue
Lair:2 3 runed translucent doors, Weugil's ghost, journeyman HaBe
Lair:5 1 runed translucent door


Innate Abilities, Weirdness & Mutations

You are too large for most types of armour.
You have claws for hands.
Your metabolism is lightning-fast.
You like to eat raw meat.
Your natural rate of healing is unusually fast.
You are covered in fur. (AC +1)
You have extremely tough skin. (AC +3)


Message History

The tarantella is severely wounded.
You feel sick. The tarantella misses you.
The wolf spider closely misses you. x2
Unknown command.
You mangle the tarantella!!
You kill the tarantella!
Okawaru accepts your kill. The wolf spider hits you!
* * * LOW HITPOINT WARNING * * *
The wolf spider bites you!
* * * LOW HITPOINT WARNING * * *
Unknown command.
You closely miss the wolf spider.
* * * LOW HITPOINT WARNING * * *
You feel sick. The wolf spider barely misses you. The wolf spider misses you.
Unknown command.
Unknown command.
You claw the wolf spider!
The wolf spider is moderately wounded.
You feel sick. The wolf spider misses you. The wolf spider bites you!
You die...

........#..###...........#
......#...###......<.#.###
(........^.##).....#####
...#....†..##.....##
.....†..†........##
..#.#............#
#..#.^...........##
.......##..#.....s#
^###.####.....#†@## .#####
#....##### .^..# ######
....# ...## ..## ### # #


You could see a wolf spider (berserk).

Vanquished Creatures
  Jorgrun (D:14)
  Gastronok (Lair:3)
  Agnes (Spider:1)
  A fire giant (D:15)
  A ghost moth (Spider:2)
  A stone giant (Orc:1)
  An entropy weaver (Spider:1)
  A minotaur (Gauntlet)
  Azrael (D:15)
  A fire dragon (Lair:6)
  8 vault guards (D:14)
  Fannar (D:10)
  Harold (D:7)
  4 hydras
  5 two-headed ogres
  3 centaur warriors
  A queen ant (Gauntlet)
  5 death yaks (Lair:6)
  3 orc high priests (Orc:2)
  Urug (Lair:4)
  Nergalle (Lair:2)
  An unseen horror (D:14)
  A swamp dragon (Lair:6)
  A wizard (Gauntlet)
  3 deep elf magi
  6 orc knights
  4 orc sorcerers
  9 wolf spiders (Spider:1)
  2 oklob plants (Lair:3)
  6 orb spiders
  2 cyclopes
  4 ugly things
  An elephant (D:10)
  2 moths of wrath
  Maurice (D:8)
  Joseph (D:7)
  A torpor snail (Lair:6)
  A gargoyle (D:15)
  5 black mambas
  16 spiny frogs
  6 komodo dragons
  4 demonic crawlers
  A kobold demonologist (D:8)
  A minotaur zombie (Gauntlet)
  2 rime drakes
  21 jumping spiders
  A hornet (Spider:1)
  3 meliai (Gauntlet)
  14 blink frogs
  3 polar bears
  3 slime creatures (D:12)
  4 trolls
  12 hippogriffs
  4 dream sheep (Lair:5)
  A centaur simulacrum (D:14)
  35 redbacks
  12 tarantellas
  2 wraiths
  2 spriggans
  A wyvern (Lair:6)
  9 basilisks
  4 vampire mosquitoes (D:14)
  41 yaks
  A hungry ghost (D:13)
  4 steam dragons
  Menkaure (D:5)
  A warg (Orc:2)
  7 soldier ants
  4 hell hounds (D:15)
  3 acid dragons
  9 porcupines
  13 water moccasins
  A swamp drake (Lair:6)
  2 sky beasts
  6 ice beasts
  25 orc warriors
  2 black bears
  2 eyes of draining
  10 ogres
  8 wolves
  8 centaurs
  13 crocodiles
  17 big kobolds
  15 bullfrogs
  A gnoll sergeant (D:10)
  A scorpion (D:7)
  3 killer bees (D:11)
  12 wights
  3 electric eels
  7 howler monkeys
  4 centaur zombies
  6 crimson imps
  A quasit (D:11)
  3 bullfrog skeletons
  10 hounds
  An iron imp (D:9)
  15 orc priests
  5 centaur skeletons
  25 orc wizards
  Crazy Yiuf (D:7)
  9 iguanas
  12 worker ants
  A hound skeleton (D:4)
  A worker ant zombie (D:8)
  16 gnolls
  16 adders
  5 shadow imps
  2 white imps (Gauntlet)
  An ooze (D:1)
  2 adder zombies
  6 worms
  2 dart slugs
  2 leopard geckos
  110 orcs
  5 giant cockroaches
  6 goblins
  9 hobgoblins
  9 jackals
  8 quokkas
  3 bats
  9 frilled lizards
  20 kobolds
  A quokka zombie (D:8)
  6 rats
  22 plants
829 creatures vanquished.

Vanquished Creatures (others)
  5 fungi
  12 plants
17 creatures vanquished.

Grand Total: 846 creatures vanquished

Notes
Turn   | Place    | Note
-------+----------+-------------------------------------------
     0 | D:1      | gruber the Troll Monk began the quest for the Orb.
     0 | D:1      | Reached XP level 1. HP: 22/22 MP: 0/0
   127 | D:1      | Reached XP level 2. HP: 29/29 MP: 1/1
   625 | D:2      | Reached skill level 4 in Unarmed Combat
   715 | D:2      | Reached XP level 3. HP: 36/36 MP: 2/2
   931 | D:2      | Reached XP level 4. HP: 36/44 MP: 3/3
   936 | D:2      | Reached skill level 5 in Unarmed Combat
  1062 | D:2      | Learned a level 1 spell: Beastly Appendage
  1351 | D:3      | Reached XP level 5. HP: 36/50 MP: 4/4
  1462 | D:3      | Reached skill level 6 in Unarmed Combat
  1740 | D:3      | Reached XP level 6. HP: 7/59 MP: 5/5
  2444 | D:4      | Reached skill level 7 in Unarmed Combat
  2602 | D:4      | Reached skill level 8 in Unarmed Combat
  2618 | D:4      | Reached XP level 7. HP: 56/66 MP: 6/6
  2686 | D:4      | Found a glowing golden altar of the Shining One.
  3238 | D:5      | Entered Level 5 of the Dungeon
  3360 | D:5      | Noticed Menkaure
  3362 | D:5      | Reached skill level 9 in Unarmed Combat
  3522 | D:5      | Killed Menkaure
  3522 | D:5      | Reached XP level 8. HP: 44/74 MP: 7/7
  3622 | D:5      | Reached skill level 10 in Unarmed Combat
  3757 | D:5      | Found an ancient bone altar of Kikubaaqudgha.
  4002 | D:5      | Found a shimmering blue altar of Sif Muna.
  4188 | D:5      | Found a staircase to the Ecumenical Temple.
  4197 | Temple   | Entered the Ecumenical Temple
  4206 | Temple   | Became a worshipper of Warmaster Okawaru
  4206 | Temple   | Reached * piety under Okawaru
  4206 | Temple   | Reached ** piety under Okawaru
  4318 | D:6      | Noticed a hippogriff
  4329 | D:6      | Killed a hippogriff
  4329 | D:6      | Reached skill level 11 in Unarmed Combat
  4491 | D:6      | Found a blossoming altar of Fedhas.
  4589 | D:6      | Reached XP level 9. HP: 34/80 MP: 8/8
  4680 | D:6      | Found a glowing silver altar of Zin.
  4698 | D:6      | Reached skill level 12 in Unarmed Combat
  4793 | D:6      | Found a shadowy altar of Dithmenos.
  4989 | D:6      | Reached *** piety under Okawaru
  5029 | D:6      | Noticed EtherCrawl's ghost (novice DEBe)
  5041 | D:6      | Found a runed translucent door.
  5299 | D:7      | Noticed Harold
  5312 | D:7      | Killed Harold
  5312 | D:7      | Received a gift from Okawaru
  5312 | D:7      | Reached skill level 13 in Unarmed Combat
  5398 | D:7      | Found an opulent altar of Gozag.
  5573 | D:7      | Noticed Joseph
  5583 | D:7      | Killed Joseph
  5682 | D:7      | Found a runed translucent door.
  5683 | D:7      | Noticed Crazy Yiuf
  5835 | D:7      | Killed Crazy Yiuf
  5919 | D:8      | Reached **** piety under Okawaru
  5964 | D:8      | Reached XP level 10. HP: 88/88 MP: 11/11
  6093 | D:8      | Reached skill level 5 in Invocations
  6449 | D:8      | Found a sparkling altar of Nemelex Xobeh.
  6452 | D:8      | Noticed Maurice
  6460 | D:8      | Killed Maurice
  6633 | D:8      | Reached ***** piety under Okawaru
  7008 | D:9      | Found a snail-covered altar of Cheibriados.
  7434 | D:10     | Entered Level 10 of the Dungeon
  7448 | D:10     | Reached skill level 5 in Dodging
  7465 | D:10     | Noticed an elephant
  7485 | D:10     | Killed an elephant
  7487 | D:10     | Noticed Fannar
  7525 | D:10     | Killed Fannar
  7525 | D:10     | Received a gift from Okawaru
  7525 | D:10     | Reached XP level 11. HP: 83/94 MP: 14/14
  7559 | D:10     | Found a staircase to the Lair.
  8013 | D:10     | Found a shimmering altar of Xom.
  9184 | D:12     | Noticed a two-headed ogre
  9198 | D:12     | Killed a two-headed ogre
  9198 | D:12     | Reached skill level 5 in Fighting
  9206 | D:12     | Received a gift from Okawaru
  9375 | D:12     | Reached skill level 1 in Throwing
  9713 | D:12     | Noticed an orc knight
  9720 | D:12     | Killed an orc knight
  9724 | D:12     | Found a roughly hewn altar of Beogh.
  9724 | D:12     | Found a staircase to the Orcish Mines.
  9735 | D:12     | Reached ****** piety under Okawaru
  9880 | D:12     | Found a portal to a secret trove of treasure.
  9972 | D:12     | Received a gift from Okawaru
 10019 | D:12     | Reached skill level 5 in Throwing
 10554 | D:13     | Reached skill level 1 in Axes
 10624 | D:13     | Noticed a centaur warrior
 10627 | D:13     | Found a gate leading to a gauntlet.
 10633 | D:13     | Killed a centaur warrior
 10633 | D:13     | Reached XP level 12. HP: 63/114 MP: 15/15
 10650 | Gauntlet | Entered a Gauntlet
 10650 | Gauntlet | Found a transporter.
 10719 | Gauntlet | Found a transporter.
 10728 | Gauntlet | Found a transporter.
 10730 | Gauntlet | Found a transporter.
 10738 | Gauntlet | Found a runed translucent gate.
 10738 | Gauntlet | Found a runed translucent gate.
 10738 | Gauntlet | Found a runed translucent gate.
 10741 | Gauntlet | Found a transporter.
 10754 | Gauntlet | Found a transporter.
 10768 | Gauntlet | Found a transporter.
 10778 | Gauntlet | Found a transporter.
 10792 | Gauntlet | Found a transporter.
 10806 | Gauntlet | Found a transporter.
 10809 | Gauntlet | Found a transporter.
 10810 | Gauntlet | Noticed a dire elephant
 10815 | Gauntlet | Found a transporter.
 10816 | Gauntlet | Found a transporter.
 10818 | Gauntlet | Found a transporter.
 10885 | Gauntlet | Noticed a queen ant
 10918 | Gauntlet | Killed a queen ant
 11015 | Gauntlet | Got a glittering granite ring
 11016 | Gauntlet | Identified the ring "Vuehaudu" {rPois rF+ rC- Dex+5 Stlth-}
                  | (You found it in a Gauntlet)
 11036 | Gauntlet | Noticed a minotaur
 11052 | Gauntlet | Killed a minotaur
 11083 | Gauntlet | Reached skill level 14 in Unarmed Combat
 11195 | D:13     | Noticed a two-headed ogre
 11205 | D:13     | Killed a two-headed ogre
 11607 | D:13     | Noticed a five-headed hydra
 11819 | D:13     | Killed a one-headed hydra
 11819 | D:13     | Received a gift from Okawaru
 11915 | D:13     | Noticed a centaur warrior
 11926 | D:13     | Killed a centaur warrior
 12470 | D:14     | Reached skill level 5 in Shields
 12769 | D:14     | Noticed a two-headed ogre
 12779 | D:14     | Killed a two-headed ogre
 12991 | D:14     | Reached XP level 13. HP: 48/120 MP: 16/16
 13338 | D:14     | Received a gift from Okawaru
 13340 | D:14     | Reached skill level 15 in Unarmed Combat
 13367 | D:14     | Found a gate to the Vaults.
 13394 | D:14     | Got a transparent robe {god gift}
 13751 | D:15     | Entered Level 15 of the Dungeon
 13751 | D:15     | Noticed Jorgrun
 13755 | D:15     | Noticed a fire giant
 13768 | D:14     | Killed Jorgrun
 13768 | D:14     | Reached skill level 16 in Unarmed Combat
 13957 | D:15     | Found a roughly hewn altar of Beogh.
 14395 | D:15     | Found a staircase to the Depths.
 14407 | D:15     | Noticed Azrael
 14417 | D:15     | Killed a fire giant
 14424 | D:15     | Killed Azrael
 15031 | Lair:1   | Entered Level 1 of the Lair of Beasts
 15152 | Lair:1   | Identified the +1 robe of Death's Door {SInv} (Okawaru
                  | gifted it to you on level 14 of the Dungeon)
 15157 | Lair:1   | Received a gift from Okawaru
 15253 | Lair:1   | Identified a scroll of acquirement
 15253 | Lair:1   | Acquired a manual of Throwing
 15553 | Lair:1   | Reached XP level 14. HP: 114/130 MP: 17/17
 15783 | Lair:1   | Received a gift from Okawaru
 15787 | Lair:1   | Got a wizard robe {god gift}
 15798 | Lair:1   | Identified the +0 robe "Jocoagum" {rPois rF+ rCorr Stlth+}
                  | (Okawaru gifted it to you on level 1 of the Lair of Beasts)
 16789 | Lair:2   | Found a staircase to the Shoals.
 16819 | Lair:2   | Noticed Nergalle
 16833 | Lair:2   | Killed Nergalle
 17188 | Lair:2   | Reached skill level 10 in Throwing
 17402 | Lair:2   | Found a runed translucent gate.
 17402 | Lair:2   | Found a runed translucent gate.
 17405 | Lair:2   | Found a runed translucent gate.
 17406 | Lair:2   | Noticed Weugil's ghost (journeyman HaBe)
 18220 | Lair:3   | Noticed Gastronok
 18235 | Lair:3   | Killed Gastronok
 19213 | Lair:4   | Noticed Urug
 19251 | Lair:4   | Found a hole to the Spider Nest.
 19272 | Lair:4   | Killed Urug
 19272 | Lair:4   | Received a gift from Okawaru
 19647 | Lair:4   | Found the +2 robe of Vines {NoPotionHeal Regen+7}
 20255 | Lair:5   | Found a runed translucent door.
 20255 | Lair:5   | Found a viscous altar of Jiyva.
 20261 | Lair:5   | Found a staircase to the Slime Pits.
 20696 | Lair:6   | Entered Level 6 of the Lair of Beasts
 21051 | Lair:6   | Reached XP level 15. HP: 79/145 MP: 18/18
 21125 | Lair:6   | Received a gift from Okawaru
 22228 | Orc:1    | Entered Level 1 of the Orcish Mines
 22303 | Orc:1    | Received a gift from Okawaru
 22502 | Orc:1    | Found Joqaativap's Mayhem Merchandise.
 22736 | Orc:2    | Entered Level 2 of the Orcish Mines
 23120 | Orc:2    | Found a staircase to the Elven Halls.
 23355 | Orc:2    | Found Nuexzile's Book Shop.
 23355 | Orc:2    | Found Wum Xat's Magic Scroll Shoppe.
 23382 | Orc:2    | Found Pisem's Food Shop.
 23382 | Orc:2    | Found Ywiebri's Book Shoppe.
 23413 | Orc:2    | Bought a manual of Dodging for 1104 gold pieces
 23415 | Orc:2    | Bought a scroll of acquirement for 728 gold pieces
 23417 | Orc:2    | Acquired a manual of Invocations
 23673 | Spider:1 | Entered Level 1 of the Spider Nest
 23832 | Spider:1 | Noticed Agnes
 23847 | Spider:1 | Killed Agnes
 23938 | Spider:1 | Reached skill level 10 in Shields
 24032 | Spider:1 | Received a gift from Okawaru
 24462 | Spider:1 | Received a gift from Okawaru
 24824 | Spider:1 | Reached skill level 10 in Dodging
 24898 | Spider:2 | Killed a ghost moth
 24898 | Spider:2 | Received a gift from Okawaru
 25184 | Spider:2 | Reached XP level 16. HP: 156/156 MP: 19/19
 25368 | Spider:2 | HP: 1/234 [wolf spider (16)]
 25370 | Spider:2 | Mangled by a wolf spider

Illustrated notes

Levels and vault maps discovered:
D:1:      dpeg_arrival_tiny_c, layout_loops_ring, item_on_display_a
D:2:      minmay_chambers_of_twos, layout_rooms, serial_glass, glass_columns_a,
          glass_columns_a, first_ration
D:3:      layout_loops_corners
D:4:      layout_loops_ring, lemuel_doored_altar
D:5:      layout_cave_pods, kiku_gazebo_pond_becter,
          minmay_temple_entry_offerings, serial_column_ruins,
          column_ruins_hut_pillars, column_ruins_hut, column_ruins_open_tiny,
          column_ruins_columns_water, column_ruins_corridor_dead_end,
          column_ruins_columns_corner, lemuel_blue_sif_altar, uniq_menkaure
D:6:      layout_loops_ring, grunt_temple_overflow_open,
          hellmonk_ghost_happy_afterlife, nicolae_dithmenos_shadow_blocks
D:7:      layout_rooms, grunt_gozag_breadcrumbs, glass_columns_a, the_bakery,
          uniq_crazy_yiuf_cottage, uniq_harold, uniq_joseph
D:8:      layout_basic, kennysheep_mini, special_room [special_room_kobold],
          uniq_maurice
D:9:      layout_grid_maze, slow_altar_1
D:10:     layout_loops_ring, david_lair_generic, st_stairs_5,
          lemuel_altar_in_water, uniq_fannar
D:11:     layout_long_grid
D:12:     layout_basic, david_orc_5, enter_trove_1, serial_glass,
          glass_columns_a, glass_columns_a, due_unseen_surprise,
          minmay_misc_feat_x, minivault_16
D:13:     layout_stronghold, gauntlet_entry_generic
D:14:     layout_basic, erik_vaults_2, serial_bayou_pond_e
D:15:     grunt_enter_depths_giant_problem, layout_rooms,
          hangedman_abyss_or_decor_lesser_grid, serial_rivers,
          chequers_serial_rivers_small_3, chequers_serial_rivers_large_a,
          chequers_serial_rivers_micro_b, chequers_serial_rivers_marsh,
          chequers_serial_rivers_micro_e, chequers_serial_rivers_room_b,
          special_room [special_room_orc], feat_on_display, uniq_jorgrun,
          uniq_azrael
Temple:   nicolae_temple_no_exploring_needed
Lair:1:   wad_woods_structure_01, layout_regular_city, minivault_11
Lair:2:   layout_layer_cave, shoals_dummy_entry, gammafunk_ghost_split,
          minmay_stone_trees_small, minivault_24, nicolae_quartered_pool_little,
          grunt_forest_stairs_basic, uniq_nergalle
Lair:3:   layout_roguey, grunt_forest_stairs_clearing,
          minmay_lair_oklob_chamber, serial_bayou_shore_a, uniq_gastronok
Lair:4:   layout_hall_layers, dummy_spider_entry, uniq_urug
Lair:5:   layout_regular_city, slime_altar_2
Lair:6:   guppyfry_lair_end_dragon, layout_long_grid, st_stairs_8,
          grunt_forest_small_clearings, serial_bayou_shore_b, grunt_megastairs_2
Spider:1: layout_spider_delve, uniq_agnes
Spider:2: layout_spider_delve
Spider:3: spiders_nest_scorpion_pit, minmay_another_anthill
Orc:1:    layout_caves, minmay_shop_mayhem
Orc:2:    grunt_orc_tribal_feast, layout_caves

Skill      XL: |  1  2  3  4  5  6  7  8  9 10 11 12 13 14 15 16 |
---------------+-------------------------------------------------+-----
Unarmed Combat | 4 5 6 8 9 11 13 14 16 | 16.3
Invocations    | 3 6 |  6.3
Dodging        | 7 10 11 | 11.2
Fighting       | 6 8 9 |  9.3
Throwing       | 5 7 13 | 13.2
Axes           | 2 4 |  4.2
Shields        | 7 10 | 10.3
Stealth        | |  1.0

Action                   |  1- 3 |  4- 6 |  7- 9 | 10-12 | 13-15 | 16-18 || total
-------------------------+-------+-------+-------+-------+-------+-------++-------
Melee: Unarmed           |    89 |   142 |   283 |   729 |  1337 |    22 ||  2602
       Punch             |     4 |     4 |     6 |    60 |    86 |       ||   160
       Headbutt          |       |       |     4 |       |       |       ||     4
       Hand axe          |       |       |       |    13 |    52 |       ||    65
Throw: Javelin           |       |       |       |     2 |    45 |     6 ||    53
       Large rock        |       |       |       |       |    10 |       ||    10
       Throwing net      |       |       |       |       |     1 |       ||     1
 Cast: Beastly Appendage |       |     1 |     1 |       |       |       ||     2
Invok: Heroism           |       |       |     1 |     7 |    18 |       ||    26
       Finesse           |       |       |       |     1 |     7 |       ||     8
  Use: Scroll            |       |     2 |       |    11 |    10 |       ||    23
       Potion            |       |       |       |       |     1 |     1 ||     2
 Stab: Sleeping          |     1 |     3 |     7 |     3 |     6 |       ||    20
       Distracted        |       |       |     1 |       |       |       ||     1
  Eat: Chunk             |    14 |    15 |    29 |    68 |   105 |       ||   231
       Ration            |       |       |       |       |     1 |       ||     1
Armor: Robe              |    27 |    44 |    73 |   218 |   248 |     7 ||   617
Dodge: Dodged            |    32 |    36 |    97 |   336 |   525 |    42 ||  1068
       Repelled          |       |       |       |     2 |     7 |       ||     9
Block: Other             |       |    10 |    55 |   126 |   138 |       ||   329
       Reflection        |       |       |     2 |     7 |     9 |       ||    18
       Tower shield      |       |       |       |       |   626 |    31 ||   657
